 Dungeon Crawl Stone Soup version 0.29-a0-330-g52719c12eb (webtiles) character file.

Game seed: 4613269305448298151

443 Aelig the Vexing (level 6, -17/32 HPs)
             Began as a Vampire Enchanter on May 11, 2022.
             Demolished by a two-headed ogre
             ... wielding a +0 giant club
              (36 damage)
             ... on level 5 of the Dungeon.
             The game lasted 00:11:20 (3556 turns).

Aelig the Vexing (Vampire Enchanter)                Turns: 3556, Time: 00:11:20

Health: -17/32     AC:  2    Str:  7    XL:     6   Next: 71%
Magic:  7/10       EV: 12    Int: 26    God:
Gold:   153        SH:  0    Dex: 14    Spells: 0/11 levels left

rFire   . . .      SeeInvis +   a - +1 dagger (drain)
rCold   + . .      Faith    +   (no shield)
rNeg    + + +      Spirit   .   b - +0 robe
rPois   ∞          Reflect  .   (no helmet)
rElec   .          Harm     .   f - scarf {repulsion}
rCorr   +          Rampage  .   (no gloves)
Will    ++...                   (no boots)
Stlth   ++++++....              u - amulet of faith
HPRegen 0.00/turn               o - ring "Zoesh" {rC- Will++ rCorr Int+6 Stlth+}
MPRegen 0.12/turn               (no ring)

@: bloodless, inhibited regen, repel missiles
A: bloodless, fangs 3, see invisible, vampiric 2
a: Bat Form, Revivify


You were on level 5 of the Dungeon.
You visited 1 branch of the dungeon, and saw 5 of its levels.

You collected 153 gold pieces.

Inventory:

Hand Weapons
 a - a +1 dagger of draining (weapon)
Missiles
 h - 75 stones (quivered)
Armour
 b - a +0 robe (worn)
 f - a scarf of repulsion (worn)
Jewellery
 o - the ring "Zoesh" (left hand) {rC- Will++ rCorr Int+6 Stlth+}
   (You found it on level 3 of the Dungeon)

   [ring of intelligence]

   Int:       It affects your intelligence (+6).
   rC:        It makes you vulnerable to cold.
   rCorr:     It protects you from acid and corrosion.
   Will:      It greatly increases your willpower.
   Stlth:     It makes you more stealthy.
 u - an amulet of faith (around neck)
Scrolls
 g - 2 scrolls of amnesia {unknown}
 l - 2 scrolls of summoning {unknown}
 m - a scroll of acquirement {unknown}
 n - a scroll of magic mapping {unknown}
 q - 2 scrolls of enchant weapon
 r - a scroll of holy word {unknown}
Potions
 c - 2 potions of invisibility
 d - a potion of lignification {unknown}
 e - a potion of flight {unknown}
 i - 2 potions of heal wounds
 j - a potion of mutation {unknown}
 k - a potion of haste
 p - a potion of curing {unknown}
 s - a potion of magic {unknown}
 t - a potion of ambrosia {unknown}


   Skills:
 + Level 3.6 Short Blades
 - Level 2.1 Dodging
 - Level 4.4 Stealth
 + Level 3.2 Spellcasting
 * Level 7.9 Hexes
 + Level 2.8 Ice Magic


You couldn't memorise any spells.
You knew the following spells:

 Your Spells              Type           Power      Damage    Failure   Level
a - Ensorcelled Hibernat  Hex/Ice        64%        N/A       1%          2
b - Confusing Touch       Hex            45%        N/A       1%          3
c - Tukima's Dance        Hex            45%        N/A       1%          3
d - Dazzling Flash        Conj/Hex       48%        N/A       5%          3

Your spell library contained the following spells:

 Spells                   Type           Power      Damage    Failure   Level
 Slow                     Hex            100%       N/A       1%          1
 Portal Projectile        Hex/Tloc       48%        N/A       5%          3
 Static Discharge         Conj/Air       4%         N/A       14%         2
 Leda's Liquefaction      Hex/Erth       12%        N/A       19%         4
 Call Canine Familiar     Summ           4%         N/A       28%         3
 Vampiric Draining        Necr           4%         2d6       28%         3
 Animate Dead             Necr           2%         N/A       67%         4
 Dispel Undead            Necr           4%         3d7       67%         4
 Sticky Flame             Conj/Fire      4%         2d3       67%         4
 Borgnjor's Vile Clutch   Necr/Erth      2%         N/A       95%         5
 Death Channel            Necr           2%         N/A       100%        6


Dungeon Overview and Level Annotations

Branches:
Dungeon (5/15)             Temple (0/1) D:5

Altars:

Annotations:
D:4 1 transporter, Edmund; esteth's ghost, amateur OpTm


Innate Abilities, Weirdness & Mutations

You do not regenerate when monsters are visible.
You are frail without blood (-20% HP).
You can heal yourself when you bite living creatures.
You are immune to poison.
You have razor-sharp teeth.
You have supernaturally acute eyesight. (SInv)
You are afflicted with vampirism and can become a bat while bloodless.


Message History

You climb downwards.
There is a stone staircase leading up here.
Items here: ))) [[[ ÷÷.
There is a stone staircase leading down here.
You climb downwards.
Level annotation: 1 transporter, Edmund; esteth's ghost, amateur OpTm
There is a stone staircase leading up here.
There is a stone staircase leading down here.
Okay, then.
Casting: Ensorcelled Hibernation (safe; 1% risk of failure)
Confirm with . or Enter, or press ? or * to list all spells.
Okay, then.
You climb downwards.
Found a dark potion, a sapphire potion and a scroll of identify.
There is a stone staircase leading up here.
A two-headed ogre comes into view. It is wielding two +0 giant clubs.
The helpless necrophage fails to defend itself.
You impale the necrophage!!
You destroy the necrophage!
A gnoll sergeant comes into view. It is wielding a +0 trident.
You see here a scroll of identify.
A gnoll and a white imp come into view.
The gnoll is wielding a +1 whip of pain.
Found a staircase to the Ecumenical Temple.
The helpless two-headed ogre fails to defend itself.
You bite the two-headed ogre, and draw its blood!
You impale the two-headed ogre!!
The two-headed ogre is heavily wounded.
The two-headed ogre hits you with a +0 giant club!
The two-headed ogre misses you.
The gnoll shouts!
The gnoll sergeant shouts!
You hear a shout! x2
You see here a scroll of identify.
Casting: Ensorcelled Hibernation (safe; 1% risk of failure)
Confirm with . or Enter, or press ? or * to list all spells.
Casting: Dazzling Flash (dangerous; 5% risk of failure)
Press: ? - help, Dir - look around, f - activate The two-headed ogre hits you with a +0 giant club!!!
Ouch! That really hurt!
You die...

... .. .# ..5 . .#
...5gg# ..##.####
.##.... ....#
#g..# #O#.# #
###.##@#.####....
#..!...†..<......#
#.##.####!######.#
#. #..# .. #.## #.
#. # #. #. #.


You could see a two-headed ogre, 2 gnolls and a white imp.

Vanquished Creatures
  Menkaure (D:4)
  A necrophage (D:5)
  An iguana (D:4)
  2 orc wizards (D:3)
  7 gnolls (D:4)
  4 adders (D:2)
  A worm (D:2)
  3 dart slugs
  8 orcs
  8 ball pythons
  5 endoplasms
  A giant cockroach (D:1)
  3 hobgoblins
  3 jackals (D:3)
  3 quokkas
  6 bats
  2 frilled lizards
  8 goblins
  A kobold (D:2)
  6 rats
74 creatures vanquished.

Notes
Turn   | Place    | Note
-------+----------+-------------------------------------------
     0 | D:1      | Aelig the Vampire Enchanter began the quest for the Orb.
     0 | D:1      | Reached XP level 1. HP: 13/13 MP: 3/3
   155 | D:1      | Reached skill level 5 in Hexes
   155 | D:1      | Reached XP level 2. HP: 17/19 MP: 5/5
   192 | D:1      | Learned a level 2 spell: Ensorcelled Hibernation
   748 | D:2      | Gained mutation: You are afflicted with vampirism and can
                  | become a bat while bloodless. [Vampire growth]
   748 | D:2      | Reached XP level 3. HP: 24/24 MP: 6/6
   934 | D:2      | Found a faded altar of an unknown god.
   944 | D:2      | Reached skill level 1 in Ice Magic
  1106 | D:2      | Reached XP level 4. HP: 16/24 MP: 7/7
  1207 | D:2      | Reached skill level 6 in Hexes
  1467 | D:3      | Identified the ring "Zoesh" {rC- Will++ rCorr Int+6 Stlth+}
  1662 | D:3      | Learned a level 3 spell: Confusing Touch
  2031 | D:3      | Reached XP level 5. HP: 28/28 MP: 1/8
  2314 | D:4      | Noticed Menkaure
  2331 | D:4      | Killed Menkaure
  2332 | D:4      | Reached skill level 7 in Hexes
  2332 | D:4      | Reached XP level 6. HP: 29/32 MP: 3/10
  2463 | D:4      | Found a transporter.
  2465 | D:4      | Noticed esteth's ghost (amateur OpTm)
  2713 | D:4      | Learned a level 3 spell: Tukima's Dance
  2717 | D:4      | Learned a level 3 spell: Dazzling Flash
  3063 | D:4      | Noticed Edmund
  3548 | D:5      | Entered Level 5 of the Dungeon
  3550 | D:5      | Noticed a two-headed ogre
  3553 | D:5      | Found a staircase to the Ecumenical Temple.
  3556 | D:5      | Demolished by a two-headed ogre

Illustrated notes

Levels and vault maps discovered:
D:1:      erik_arrival_blinker_ship, layout_rooms
D:2:      layout_basic, ebering_ecumenical_altar_ruins
D:3:      layout_rooms, nrook_uturn
D:4:      layout_gridville, gammafunk_ghost_mausoleum, skrybe_limestone_x,
          uniq_menkaure, uniq_edmund
D:5:      layout_loops_ring, minmay_temple_entry_stoned_glass, uniq_eustachio,
          uniq_ijyb, uniq_crazy_yiuf_cottage, uniq_prince_ribbit1

Skill      XL: |  1  2  3  4  5 |
---------------+----------------+-----
Hexes          | 5 6 7 |  7.9
Short Blades   | 2 3 |  3.6
Ice Magic      | 1 2 |  2.8
Spellcasting   | 3 |  3.2
Dodging        | |  2.1
Stealth        | |  4.4

Action                   |  1- 3 |  4- 6 || total
-------------------------+-------+-------++-------
Melee: Hand axe          |    10 |       ||    10
       Bite              |     6 |     6 ||    12
       Dagger            |    52 |    92 ||   144
       Punch             |       |     2 ||     2
 Cast: Ensorcelled Hiber |     4 |    21 ||    25
       Confusing Touch   |       |     2 ||     2
       Dazzling Flash    |       |     2 ||     2
 Abil: Exsanguinate      |     1 |       ||     1
  Use: Scroll            |       |     4 ||     4
       Potion            |       |     1 ||     1
 Stab: Sleeping          |    13 |    28 ||    41
       Confused          |       |     1 ||     1
       Invisible         |       |     1 ||     1
Armor: Robe              |     8 |    13 ||    21
Dodge: Dodged            |    32 |    49 ||    81
       Repelled          |     1 |     1 ||     2

Table legend: (Time is in decaauts)
 A = Elapsed time spent in this place.
 B = Non-inter-level travel time spent in this place.
 C = Inter-level travel time spent in this place.
 D = Time resting spent in this place.
 E = Time spent auto-exploring this place.
 F = Levels seen in this place.
 G = Mean time per level.
                   A        B        C        D        E       F      G
               +--------+--------+--------+--------+--------+-----+--------+
         Total |   3541 |   3412 |    129 |    870 |   1476 |   5 |  708.2 |
       Dungeon |   3541 |   3412 |    129 |    870 |   1476 |   5 |  708.2 |
               +--------+--------+--------+--------+--------+-----+--------+

Top non-repeatable levels by time:
     D:3: 1374 daAuts
     D:4: 809 daAuts
     D:2: 763 daAuts
     D:1: 587 daAuts
     D:5: 7 daAuts
